 Dungeon Crawl Stone Soup version 0.19.0-16-g73b5abf (webtiles) character file.

273 Pororoca the Spear-Bearer (level 6, -2/44 HPs)
             Began as a Merfolk Gladiator on Nov 10, 2016.
             Killed by nerve-wracking pain
             ... invoked by Grinder
              (5 damage)
             ... while paralysed by Grinder
             ... on level 4 of the Dungeon.
             The game lasted 00:04:50 (2633 turns).

Pororoca the Spear-Bearer (Merfolk Gladiator)       Turns: 2633, Time: 00:04:50

Health: -2/44      AC:  5    Str: 15    XL:     6   Next: 23%
Magic:  0/6        EV:  2    Int:  8    God:
Gold:   133        SH:  0    Dex: 16    Spells: 0 memorised, 5 levels left

rFire  . . .     SeeInvis .     a - +0 trident
rCold  . . .     Gourm    .     b - +0 leather armour
rNeg   . . .     Faith    .     (no shield)
rPois  .         Spirit   +     c - +0 helmet
rElec  .         Reflect  .     h - +0 cloak
rCorr  .         Harm     .     (no gloves)
MR     .....                    (no boots)
Stlth  +.........               j - amulet of guardian spirit
                                (no ring)
                                (no ring)

@: paralysed
A: change form in water, swift swim, stealthy swim
a: no special abilities


You were on level 4 of the Dungeon.
You were not hungry.

You visited 1 branch of the dungeon, and saw 4 of its levels.

You collected 133 gold pieces.

Inventory:

Hand Weapons
 a - a +0 trident (weapon)
Armour
 b - a +0 leather armour (worn)
 c - a +0 helmet (worn)
 h - a +0 cloak (worn)
Jewellery
 j - an amulet of guardian spirit (around neck)
Scrolls
 i - a scroll of teleportation
 l - a scroll of immolation
 o - a scroll of identify
 q - a scroll of random uselessness {unknown}
 s - a scroll of remove curse {unknown}
 v - a scroll of amnesia {unknown}
 w - a scroll of blinking {unknown}
Potions
 e - 3 potions of heal wounds {unknown}
 k - a potion of cure mutation {unknown}
 m - a potion of lignification {unknown}
 n - a potion of brilliance {unknown}
 p - a potion of might {unknown}
 x - a potion of degeneration {unknown}
Comestibles
 f - 4 bread rations
 g - 2 meat rations
 r - a beef jerky
 t - a royal jelly
 u - 4 fruits


   Skills:
 - Level 2.1 Fighting
 + Level 9.7 Polearms
 - Level 2.0 Throwing
 - Level 4.0 Dodging


You had 5 spell levels left.
You didn't know any spells.

Dungeon Overview and Level Annotations

Branches:
Dungeon (4/15)
 Temple: D:4-7

Altars:

Annotations:
D:3 Pororoca's ghost, amateur MfGl
D:4 Grinder


Message History

Press: ? - help, Dir - move target cursor, f/p - Grinder
Aim: Grinder (heavily wounded, fast)
You hit Grinder but do no damage.
Grinder is heavily wounded.
Grinder hits you.
* * * LOW HITPOINT WARNING * * *
You writhe in agony.
* * * LOW HITPOINT WARNING * * *
Attack whom?
Press: ? - help, Dir - move target cursor, f/p - Grinder
Aim: Grinder (heavily wounded, fast)
You barely miss Grinder.
Grinder is heavily wounded.
Grinder gestures at you.
You suddenly lose the ability to move!
Grinder gestures at you.
You shrug off the repeated paralysis!
Grinder gestures at you. Pain shoots through your body!
You die...

#..# ##.#
#.#
8....g8#.#
....g..#.#
8....g8#.#
.......#.#
8..g..8#.#
.......#@#
8.....8#5#
..ยง....gg#
......gg##
.#####.##
.. #.# #.
#.


You could see Grinder, a hobgoblin and 3 goblins.

Vanquished Creatures
  Jessica (D:2)
  A centaur skeleton (D:4)
  Natasha (twice) (D:2)
  A worker ant (D:4)
  5 adders
  An ooze (D:2)
  2 worms
  A dart slug (D:1)
  2 leopard geckos
  4 giant cockroaches
  14 goblins
  5 hobgoblins
  13 jackals
  4 ball pythons
  3 bats
  7 frilled lizards
  10 kobolds
  A quokka skeleton (D:4)
  12 rats
89 creatures vanquished.

Notes
Turn   | Place    | Note
-------+----------+-------------------------------------------
     0 | D:1      | Pororoca the Merfolk Gladiator began the quest for the Orb.
     0 | D:1      | Reached XP level 1. HP: 16/16 MP: 1/1
    77 | D:1      | Reached skill level 5 in Polearms
   167 | D:1      | Reached XP level 2. HP: 22/22 MP: 2/2
   492 | D:1      | Reached skill level 6 in Polearms
   492 | D:1      | Reached XP level 3. HP: 27/27 MP: 3/3
   998 | D:2      | Noticed Jessica
  1004 | D:2      | Killed Jessica
  1004 | D:2      | Reached skill level 7 in Polearms
  1004 | D:2      | Reached XP level 4. HP: 20/33 MP: 4/4
  1225 | D:2      | Noticed Natasha
  1234 | D:2      | Killed Natasha
  1234 | D:2      | Reached skill level 8 in Polearms
  1234 | D:2      | Reached XP level 5. HP: 24/38 MP: 5/5
  1280 | D:2      | Noticed Natasha
  1561 | D:3      | Noticed Pororoca's ghost (amateur MfGl)
  1910 | D:2      | Killed Natasha
  2139 | D:3      | Reached skill level 9 in Polearms
  2526 | D:4      | Reached XP level 6. HP: 43/44 MP: 6/6
  2609 | D:4      | Noticed Grinder
  2621 | D:4      | Paralysed by Grinder for 3 turns
  2631 | D:4      | HP: 2/44 [Grinder (1)]
  2632 | D:4      | Paralysed by Grinder for 6 turns
  2633 | D:4      | Killed from afar by Grinder

Skill      XL: |  1  2  3  4  5 |
---------------+----------------+-----
Polearms       | 5 6 7 8 9 |  9.7
Fighting       | |  2.1
Throwing       | |  2.0
Dodging        | |  4.0

Action                   |  1- 3 |  4- 6 || total
-------------------------+-------+-------++-------
Melee: Trident           |   111 |   189 ||   300
Throw: Throwing net      |     1 |     2 ||     3
  Use: Scroll            |     3 |     3 ||     6
 Stab: Sleeping          |     2 |     3 ||     5
       Held in net/web   |       |     1 ||     1
  Eat: Chunk             |       |     6 ||     6
Armor: Leather armour    |    20 |    38 ||    58
Dodge: Dodged            |    41 |   108 ||   149
